Rangers vs Sabres
Created - December 13, 2018 at 19:01
Goals
|
| Rangers |
1 |
3 |
1 |
5 |
| Sabres |
2 |
0 |
1 |
3 |
|
Shots
|
| Rangers |
11 |
5 |
16 |
32 |
| Sabres |
8 |
8 |
15 |
31 |
|
1st period
1. Sabres , Vincent Lecavalier 9 (Brad Richardson 5, Matt Martin 5) at 9:24
2. Sabres , Kyle Okposo 9 (Evander Kane 19, Kurtis Foster 7) at 12:00
3. Rangers , Matt Read 7 (Gustav Nyquist 10, Stephen Weiss 11) at 14:11
Penalties :
James Neal (NYR) for High sticking (Minor) at 0:43, Jakob Silfverberg (NYR) for Interference (Minor) at 18:13
2nd period
4. Rangers , Matt Read 8 (Jakob Silfverberg 25, Alexei Emelin 7) at 1:23
5. Rangers , Matt Read 9 (Gustav Nyquist 11, Ryan Suter 10) at 3:23
6. Rangers , Alex Tanguay 9 (James Neal 8, Mark Fistric 8) at 3:55
Penalties :
Brad Richardson (Buf) for Tripping (Minor) at 5:26, Evander Kane (Buf) for Tripping (Minor) at 9:33, Matt Greene (NYR) for Holding (Minor) at 14:46
3rd period
7. Sabres , Evander Kane 16 (Mathew Dumba 1, Ryan O'Reilly 14) at 13:08
8. Rangers , Patrice Bergeron 18 (Milan Lucic 26, Colten Teubert 3) at 19:19 (Empty Net)
Penalties :
Mathew Dumba (Buf) for Hooking (Minor) at 2:03, Zach Bogosian (Buf) for Hooking (Minor) at 4:37
Goalie Stats
Frederik Andersen (NYR), 28 saves from 31 shots - (0.903), W, 12-7-2, 60:00 minutes
Robin Lehner (Buf), 27 saves from 31 shots - (0.871), L, 12-6-2, 59:39 minutes
Players Stats for Rangers
Player Name G A P +/- PIM S H SB GA TA FO MP PP MP PK MP
------------------------------------------------------------------------------------
Alex Tanguay 1 0 1 -1 0 1 1 0 0 0 0/0 14:14 3:10 0:39
Alexei Emelin 0 1 1 2 0 0 0 1 0 0 0/0 13:43 0:00 1:59
Artem Anisimov 0 0 0 0 0 0 0 0 0 0 1/1 6:31 0:00 0:00
Cam Barker 0 0 0 0 0 0 3 0 1 3 0/0 27:47 4:07 3:55
Chris Bourque 0 0 0 0 0 1 1 0 0 0 0/0 10:37 0:20 0:00
Colten Teubert 0 1 1 2 0 0 0 0 1 0 0/0 12:41 0:40 0:00
Gustav Nyquist 0 2 2 2 0 2 0 0 0 0 0/0 10:22 0:20 0:56
Jakob Silfverberg 0 1 1 0 2 6 2 1 1 0 0/1 22:32 4:26 1:26
James Neal 0 1 1 -1 2 2 1 0 0 0 0/0 17:08 3:10 0:00
Magnus Paajarvi-Svensson 0 0 0 0 0 0 0 0 0 0 0/0 6:51 0:20 0:00
Mark Fistric 0 1 1 1 0 0 0 1 0 0 0/0 21:26 3:09 3:50
Matt Greene 0 0 0 0 2 0 1 0 0 2 0/0 15:13 0:00 1:20
Matt Read 3 0 3 3 0 6 1 0 2 1 0/0 18:28 4:47 3:18
Milan Lucic 0 1 1 0 0 6 2 0 2 0 0/3 19:48 4:26 0:00
Patrice Bergeron 1 0 1 0 0 2 1 0 0 0 15/28 22:24 4:26 2:00
Ryan Suter 0 1 1 -1 0 2 1 2 0 2 0/0 19:29 0:00 0:50
Sean Couturier 0 0 0 0 0 0 1 0 1 1 4/10 17:26 3:10 0:24
Stephen Weiss 0 1 1 3 0 4 1 0 1 0 7/16 17:20 3:09 3:11
Players Stats for Sabres
Player Name G A P +/- PIM S H SB GA TA FO MP PP MP PK MP
------------------------------------------------------------------------------------
Andrei Loktionov 0 0 0 -1 0 3 1 0 1 0 6/7 13:50 2:56 0:00
Brad Richardson 0 1 1 0 2 0 1 0 0 0 0/1 10:57 0:00 0:09
Brandon Sutter 0 0 0 -1 0 1 0 0 0 1 2/9 11:58 0:00 3:58
Evander Kane 1 1 2 0 2 9 1 0 4 1 0/0 19:42 2:56 0:10
Ilya Kovalchuk 0 0 0 -1 0 1 0 1 0 0 0/0 18:04 3:01 3:48
Jakub Kindl 0 0 0 -2 0 1 0 2 0 0 0/0 15:09 0:00 2:49
Jared Cowen 0 0 0 -3 0 0 2 0 0 1 0/0 20:07 2:54 4:04
Kurtis Foster 0 1 1 2 0 1 0 0 1 2 0/0 22:03 2:54 0:00
Kyle Okposo 1 0 1 0 0 1 2 1 0 0 1/2 18:59 2:56 0:00
Mathew Dumba 0 1 1 -1 2 2 1 0 0 0 0/0 20:25 3:03 2:46
Matt Martin 0 1 1 0 0 0 2 2 0 0 0/0 10:15 0:00 0:00
Rob Scuderi 0 0 0 0 0 1 1 2 0 0 0/0 16:32 0:00 3:52
Ronalds Kenins 0 0 0 -1 0 0 0 0 0 0 0/0 7:55 0:00 0:00
Ryan O'Reilly 0 1 1 0 0 1 3 1 1 1 16/30 20:02 3:01 0:10
Scottie Upshall 0 0 0 -1 0 1 0 2 0 0 1/1 11:55 0:00 3:55
Vincent Lecavalier 1 0 1 0 0 6 1 0 0 1 6/9 14:04 0:00 3:42
Zach Bogosian 0 0 0 0 2 1 1 2 2 0 0/0 25:54 3:03 2:21
Zack Kassian 0 0 0 -1 0 2 1 0 0 2 0/0 14:09 3:01 0:00
3 Stars
1 - Matt Read (NYR)
2 - Gustav Nyquist (NYR)
3 - Stephen Weiss (NYR)
Power Play
Rangers - 0 on 4 Attempt(s) - 0.00%
Sabres - 0 on 3 Attempt(s) - 0.00%
Penalty Kill
Rangers - 3 on 3 Attempt(s) - 100.00%
- Score 0 goal in Penalty Kill
Sabres - 4 on 4 Attempt(s) - 100.00%
- Score 0 goal in Penalty Kill
Team Stat
Rangers - Hits : 16 - Faceoff Wins : 27 - Blocked Shots : 5 - Penalty Minutes : 6
Sabres - Hits : 17 - Faceoff Wins : 32 - Blocked Shots : 13 - Penalty Minutes : 8
Official
Referees : Unknown
Linesman : Unknown
Game Notes
Matt Read has scored a Hat Trick!
Alex Tanguay is injured at 10:32 of 3rd period (Torn Left Knee Ligaments)
Patrice Bergeron has scored in a empty net!
Finance
Level 1 -- Attendance: 5797 (96.62%) -- Ticket Income $504,339
Level 2 -- Attendance: 4640 (92.80%) -- Ticket Income $255,200
Level 3 -- Attendance: 1985 (99.25%) -- Ticket Income $57,565
Level 4 -- Attendance: 3553 (88.83%) -- Ticket Income $81,719
Luxury Box -- Attendance: 948 (94.80%) -- Ticket Income $141,252
Game was played at the Duff Garden.
Total Attendance: 16923 (94.02%)
Total Ticket Income: $1,040,075
Other Income: $156,011
Total Income: $1,196,086
Rangers
5 vs 5 Forward
Center Left Wing Right Wing Time % Phy DF OF
1 Patrice Bergeron Milan Lucic Jakob Silfverberg 40 1 2 2
2 Sean Couturier Alex Tanguay James Neal 30 1 2 2
3 Stephen Weiss Matt Read Gustav Nyquist 20 1 2 2
4 Artem Anisimov Chris Bourque Magnus Paajarvi-Svensson 10 1 2 2
5 vs 5 Defense
Defense Defense Time % Phy DF OF
1 Cam Barker Ryan Suter 40 1 2 2
2 Matt Greene Mark Fistric 30 1 2 2
3 Colten Teubert Alexei Emelin 20 1 2 2
4 Cam Barker Ryan Suter 10 1 2 2
PowerPlay Forward
Center Left Wing Right Wing Time % Phy DF OF
1 Patrice Bergeron Milan Lucic Jakob Silfverberg 60 1 2 2
2 Sean Couturier Alex Tanguay James Neal 40 1 2 2
PowerPlay Defense
Defense Defense Time % Phy DF OF
1 Cam Barker Matt Read 60 1 2 2
2 Mark Fistric Stephen Weiss 40 1 2 2
Penalty Kill 4 Players Forward
Center Wing Time % Phy DF OF
1 Stephen Weiss Matt Read 60 1 2 2
2 Patrice Bergeron Jakob Silfverberg 40 1 2 2
Penalty Kill 4 Players Defense
Defense Defense Time % Phy DF OF
1 Cam Barker Mark Fistric 60 1 2 2
2 Matt Greene Alexei Emelin 40 1 2 2
Penalty Kill - 3 Players Forward
Forward Time % Phy DF OF
1 Matt Read 60 1 2 2
2 Patrice Bergeron 40 1 2 2
Penalty Kill - 3 Players Defense
Defense Defense Time % Phy DF OF
1 Cam Barker Mark Fistric 60 1 2 2
2 Matt Greene Alexei Emelin 40 1 2 2
4 vs 4 Forward
Center Wing Time % Phy DF OF
1 Milan Lucic Patrice Bergeron 60 1 2 2
2 Jakob Silfverberg Stephen Weiss 40 1 2 2
4 vs 4 Defense
Defense Defense Time % Phy DF OF
1 Cam Barker Ryan Suter 60 1 2 2
2 Matt Greene Mark Fistric 40 1 2 2
Last Minutes Offensive
Center Left Wing Right Wing Defense Defense
Patrice Bergeron Milan Lucic Jakob Silfverberg Cam Barker James Neal
Last Minutes Defensive
Center Left Wing Right Wing Defense Defense
Patrice Bergeron Milan Lucic Sean Couturier Cam Barker Mark Fistric
Goaltenders
Starting : Frederik Andersen
Backup : Braden Holtby
Extra Forwards
Normal : Chris Bourque, Sean Couturier, Gustav Nyquist - PP : Chris Bourque, Sean Couturier - PK : Gustav Nyquist
Extra Defensemen
Normal : Colten Teubert, Cam Barker, Matt Greene - PP : Colten Teubert - PK : Cam Barker, Matt Greene
Penalty Shots
Milan Lucic, Patrice Bergeron, Jakob Silfverberg, Stephen Weiss, James Neal
Scratches
None
Sabres
5 vs 5 Forward
Center Left Wing Right Wing Time % Phy DF OF
1 Ryan O'Reilly Evander Kane Kyle Okposo 39 0 1 4
2 Andrei Loktionov Ilya Kovalchuk Zack Kassian 31 1 1 3
3 Vincent Lecavalier Matt Martin Brad Richardson 22 1 1 3
4 Brandon Sutter Ronalds Kenins Scottie Upshall 8 1 1 3
5 vs 5 Defense
Defense Defense Time % Phy DF OF
1 Kurtis Foster Zach Bogosian 40 1 3 1
2 Jakub Kindl Jared Cowen 30 1 3 1
3 Rob Scuderi Mathew Dumba 20 0 5 0
4 Rob Scuderi Mathew Dumba 10 0 4 1
PowerPlay Forward
Center Left Wing Right Wing Time % Phy DF OF
1 Andrei Loktionov Evander Kane Kyle Okposo 50 0 0 5
2 Ryan O'Reilly Ilya Kovalchuk Zack Kassian 50 1 0 4
PowerPlay Defense
Defense Defense Time % Phy DF OF
1 Zach Bogosian Mathew Dumba 50 0 1 4
2 Kurtis Foster Jared Cowen 50 0 1 4
Penalty Kill 4 Players Forward
Center Wing Time % Phy DF OF
1 Brandon Sutter Scottie Upshall 50 0 5 0
2 Vincent Lecavalier Ilya Kovalchuk 50 0 5 0
Penalty Kill 4 Players Defense
Defense Defense Time % Phy DF OF
1 Jared Cowen Zach Bogosian 50 0 5 0
2 Mathew Dumba Rob Scuderi 50 0 5 0
Penalty Kill - 3 Players Forward
Forward Time % Phy DF OF
1 Brandon Sutter 60 0 5 0
2 Zack Kassian 40 0 5 0
Penalty Kill - 3 Players Defense
Defense Defense Time % Phy DF OF
1 Rob Scuderi Jared Cowen 60 0 5 0
2 Mathew Dumba Zach Bogosian 40 0 5 0
4 vs 4 Forward
Center Wing Time % Phy DF OF
1 Vincent Lecavalier Kyle Okposo 50 0 2 3
2 Ryan O'Reilly Andrei Loktionov 50 0 1 4
4 vs 4 Defense
Defense Defense Time % Phy DF OF
1 Kurtis Foster Jared Cowen 50 0 4 1
2 Mathew Dumba Rob Scuderi 50 0 4 1
Last Minutes Offensive
Center Left Wing Right Wing Defense Defense
Ryan O'Reilly Evander Kane Kyle Okposo Zach Bogosian Jared Cowen
Last Minutes Defensive
Center Left Wing Right Wing Defense Defense
Brandon Sutter Evander Kane Zack Kassian Zach Bogosian Jared Cowen
Goaltenders
Starting : Robin Lehner
Backup : Jonas Hiller
Extra Forwards
Normal : Brandon Sutter, Ryan O'Reilly, Brad Richardson - PP : Matt Martin, Ryan O'Reilly - PK : Brad Richardson
Extra Defensemen
Normal : Zach Bogosian, Jared Cowen, Mathew Dumba - PP : Zach Bogosian - PK : Jakub Kindl, Jared Cowen
Penalty Shots
Evander Kane, Vincent Lecavalier, Ryan O'Reilly, Andrei Loktionov, Kyle Okposo
Scratches
Darcy Hordichuk (Healthy), Darren Reid (Healthy), Nathan Paetsch (Healthy), Andrew MacDonald (Healthy), Michael Kostka (Right Foot Injury)
% Time on Ice - Rangers
Lines # - Real PCT - Wanted PCT - Time Play
Normal Forward
1 - 35% - 40% - 16:05
2 - 31% - 30% - 14:00
3 - 20% - 20% - 9:03
4 - 14% - 10% - 6:31
Normal Defense
1 - 41% - 40% - 18:46
2 - 32% - 30% - 14:40
3 - 24% - 20% - 11:09
4 - 2% - 10% - 1:04
PP Forward
1 - 60% - 60% - 4:46
2 - 40% - 40% - 3:10
PP Defense
1 - 60% - 60% - 4:47
2 - 40% - 40% - 3:09
PK Forward
1 - 66% - 60% - 3:57
2 - 34% - 40% - 2:00
PK Defense
1 - 59% - 60% - 3:31
2 - 41% - 40% - 2:26
PK3 Forward
1 - 0% - 60%
2 - 0% - 40%
PK3 Defense
1 - 0% - 60%
2 - 0% - 40%
44 Forward
1 - 0% - 60%
2 - 0% - 40%
44 Defense
1 - 0% - 60%
2 - 0% - 40%
Last Minute Offensive - 0:00
Last Minute Defensive - 0:28
Total
Forward - 60:00
Defense - 60:00
|
% Time on Ice - Sabres
Lines # - Real PCT - Wanted PCT - Time Play
Normal Forward
1 - 34% - 39% - 15:41
2 - 26% - 31% - 11:49
3 - 22% - 22% - 10:15
4 - 17% - 8% - 7:55
Normal Defense
1 - 44% - 40% - 20:10
2 - 31% - 30% - 14:06
3 - 19% - 20% - 8:48
4 - 6% - 10% - 2:36
PP Forward
1 - 49% - 50% - 2:56
2 - 51% - 50% - 3:01
PP Defense
1 - 51% - 50% - 3:03
2 - 49% - 50% - 2:54
PK Forward
1 - 50% - 50% - 3:58
2 - 50% - 50% - 3:58
PK Defense
1 - 51% - 50% - 4:04
2 - 49% - 50% - 3:52
PK3 Forward
1 - 0% - 60%
2 - 0% - 40%
PK3 Defense
1 - 0% - 60%
2 - 0% - 40%
44 Forward
1 - 0% - 50%
2 - 0% - 50%
44 Defense
1 - 0% - 50%
2 - 0% - 50%
Last Minute Offensive - 0:27
Last Minute Defensive - 0:00
Total
Forward - 60:00
Defense - 60:00
|
Play by Play
1st period
0:01 of 1st period - Patrice Bergeron wins face-off versus Ryan O'Reilly in neutral zone.
0:08 of 1st period - Off-side.
0:09 of 1st period - Ryan O'Reilly wins face-off versus Patrice Bergeron in neutral zone.
0:22 of 1st period - Snap shot by Evander Kane.
0:22 of 1st period - Stopped by Frederik Andersen with a rebound.
0:34 of 1st period - Snap shot by Milan Lucic.
0:34 of 1st period - Stopped by Robin Lehner without a rebound.
0:35 of 1st period - Andrei Loktionov wins face-off versus Sean Couturier in Sabres zone.
0:43 of 1st period - Minor Penalty to James Neal for High sticking.
0:44 of 1st period - Andrei Loktionov wins face-off versus Stephen Weiss in Rangers zone.
2:01 of 1st period - Icing by Zack Kassian.
2:02 of 1st period - Stephen Weiss wins face-off versus Ryan O'Reilly in Sabres zone.
2:09 of 1st period - Patrice Bergeron is hit by Zack Kassian and loses puck.
2:20 of 1st period - Zach Bogosian is hit by Cam Barker and loses puck.
2:43 of 1st period - Penalty to James Neal is over, James Neal is back on ice.
2:49 of 1st period - Snap shot by Brandon Sutter.
2:49 of 1st period - Shot Misses the Net.
3:05 of 1st period - Jared Cowen is hit by Patrice Bergeron and loses puck.
3:17 of 1st period - Off-side.
3:18 of 1st period - Andrei Loktionov wins face-off versus Stephen Weiss in neutral zone.
4:14 of 1st period - Sean Couturier is hit by Rob Scuderi.
5:15 of 1st period - Slapshot by Artem Anisimov.
5:15 of 1st period - Shot Blocked by Zach Bogosian.
5:31 of 1st period - Sean Couturier is hit by Matt Martin and loses puck.
5:38 of 1st period - Wrist shot by Vincent Lecavalier.
5:38 of 1st period - Stopped by Frederik Andersen with a rebound.
5:40 of 1st period - Slapshot by Rob Scuderi.
5:40 of 1st period - Stopped by Frederik Andersen with a rebound.
6:52 of 1st period - Kurtis Foster is hit by James Neal and loses puck.
7:01 of 1st period - Snap shot by James Neal.
7:01 of 1st period - Shot Blocked by Matt Martin.
7:11 of 1st period - Wrist shot by Ilya Kovalchuk.
7:11 of 1st period - Shot Misses the Net.
7:13 of 1st period - Snap shot by Zack Kassian.
7:13 of 1st period - Stopped by Frederik Andersen with a rebound.
7:15 of 1st period - Slapshot by Andrei Loktionov.
7:15 of 1st period - Shot Misses the Net.
7:35 of 1st period - Snap shot by Stephen Weiss.
7:35 of 1st period - Shot Misses the Net.
7:37 of 1st period - Slapshot by Ryan Suter.
7:37 of 1st period - Deflect By Milan Lucic.
7:37 of 1st period - Shot Misses the Net.
7:37 of 1st period - Puck is out of play.
7:38 of 1st period - Scottie Upshall wins face-off versus Patrice Bergeron in Sabres zone.
8:10 of 1st period - Ronalds Kenins is hit by Jakob Silfverberg and loses puck.
8:45 of 1st period - Snap shot by Jakob Silfverberg.
8:45 of 1st period - Shot Misses the Net.
8:47 of 1st period - Slapshot by Ryan Suter.
8:47 of 1st period - Stopped by Robin Lehner without a rebound.
8:48 of 1st period - Sean Couturier wins face-off versus Ryan O'Reilly in Sabres zone.
8:51 of 1st period - Snap shot by James Neal.
8:51 of 1st period - Shot Blocked by Ryan O'Reilly.
9:05 of 1st period - Snap shot by Evander Kane.
9:05 of 1st period - Shot Misses the Net.
9:15 of 1st period - Alex Tanguay is hit by Vincent Lecavalier and loses puck.
9:24 of 1st period - Slapshot by Vincent Lecavalier.
9:24 of 1st period - Goal by Vincent Lecavalier - Rangers : 0 - Sabres : 1.
9:25 of 1st period - Ryan O'Reilly wins face-off versus Stephen Weiss in neutral zone.
9:39 of 1st period - Zach Bogosian is hit by Matt Read and loses puck.
9:50 of 1st period - Mark Fistric is hit by Andrei Loktionov.
10:52 of 1st period - Wrist shot by Andrei Loktionov.
10:52 of 1st period - Stopped by Frederik Andersen with a rebound.
10:54 of 1st period - Snap shot by Mathew Dumba.
10:54 of 1st period - Stopped by Frederik Andersen with a rebound.
11:12 of 1st period - Snap shot by Ronalds Kenins.
11:12 of 1st period - Shot Blocked by Mark Fistric.
11:14 of 1st period - Wrist shot by Ronalds Kenins.
11:14 of 1st period - Shot Misses the Net.
11:16 of 1st period - Slapshot by Brandon Sutter.
11:16 of 1st period - Shot Misses the Net.
12:00 of 1st period - Snap shot by Kyle Okposo.
12:00 of 1st period - Goal by Kyle Okposo - Rangers : 0 - Sabres : 2.
12:01 of 1st period - Ryan O'Reilly wins face-off versus Patrice Bergeron in neutral zone.
12:53 of 1st period - Slapshot by Stephen Weiss.
12:53 of 1st period - Stopped by Robin Lehner without a rebound.
12:54 of 1st period - Vincent Lecavalier wins face-off versus Stephen Weiss in Sabres zone.
13:09 of 1st period - Slapshot by Stephen Weiss.
13:09 of 1st period - Shot Blocked by Zach Bogosian.
13:25 of 1st period - Slapshot by Ryan O'Reilly.
13:25 of 1st period - Shot Blocked by Ryan Suter.
13:31 of 1st period - Backhand shot by Evander Kane.
13:31 of 1st period - Shot Misses the Net.
13:33 of 1st period - Wrist shot by Kyle Okposo.
13:33 of 1st period - Shot Misses the Net.
13:53 of 1st period - Snap shot by James Neal.
13:53 of 1st period - Stopped by Robin Lehner without a rebound.
13:54 of 1st period - Stephen Weiss wins face-off versus Ryan O'Reilly in Sabres zone.
13:55 of 1st period - Wrist shot by Matt Read.
13:55 of 1st period - Stopped by Robin Lehner without a rebound.
13:56 of 1st period - Ryan O'Reilly wins face-off versus Stephen Weiss in Sabres zone.
14:09 of 1st period - Slapshot by Gustav Nyquist.
14:09 of 1st period - Shot Misses the Net.
14:11 of 1st period - Slapshot by Matt Read.
14:11 of 1st period - Goal by Matt Read - Rangers : 1 - Sabres : 2.
14:12 of 1st period - Patrice Bergeron wins face-off versus Ryan O'Reilly in neutral zone.
15:06 of 1st period - Wrist shot by Alex Tanguay.
15:06 of 1st period - Shot Blocked by Jakub Kindl.
15:10 of 1st period - Snap shot by Stephen Weiss.
15:10 of 1st period - Shot Misses the Net.
15:12 of 1st period - Wrist shot by Stephen Weiss.
15:12 of 1st period - Shot Misses the Net.
15:14 of 1st period - Snap shot by Stephen Weiss.
15:14 of 1st period - Shot Blocked by Jakub Kindl.
15:24 of 1st period - Snap shot by Milan Lucic.
15:24 of 1st period - Stopped by Robin Lehner without a rebound.
15:25 of 1st period - Patrice Bergeron wins face-off versus Ryan O'Reilly in Sabres zone.
15:40 of 1st period - Slapshot by Ryan O'Reilly.
15:40 of 1st period - Shot Misses the Net.
15:52 of 1st period - Sean Couturier is hit by Mathew Dumba and loses puck.
16:11 of 1st period - Matt Martin is hit by Stephen Weiss and loses puck.
16:16 of 1st period - Wrist shot by Gustav Nyquist.
16:16 of 1st period - Stopped by Robin Lehner with a rebound.
16:18 of 1st period - Snap shot by Ryan Suter.
16:18 of 1st period - Deflect By Vincent Lecavalier.
16:18 of 1st period - Stopped by Robin Lehner with a rebound.
16:20 of 1st period - Slapshot by Stephen Weiss.
16:20 of 1st period - Stopped by Robin Lehner without a rebound.
16:21 of 1st period - Ryan O'Reilly wins face-off versus Patrice Bergeron in Sabres zone.
16:38 of 1st period - Jakob Silfverberg is hit by Kyle Okposo and loses puck.
17:41 of 1st period - Snap shot by Chris Bourque.
17:41 of 1st period - Stopped by Robin Lehner with a rebound.
17:49 of 1st period - Ryan O'Reilly is hit by Chris Bourque.
18:13 of 1st period - Minor Penalty to Jakob Silfverberg for Interference.
18:14 of 1st period - Stephen Weiss wins face-off versus Ryan O'Reilly in Rangers zone.
Goals for this period are 1 for Rangers vs 2 for Sabres.
Shots for this period are 11 for Rangers vs 8 for Sabres.
2nd period
0:01 of 2nd period - Stephen Weiss wins face-off versus Ryan O'Reilly in neutral zone.
0:13 of 2nd period - Penalty to Jakob Silfverberg is over, Jakob Silfverberg is back on ice.
0:52 of 2nd period - Wrist shot by Scottie Upshall.
0:52 of 2nd period - Shot Misses the Net.
1:14 of 2nd period - Brandon Sutter is hit by Jakob Silfverberg and loses puck.
1:19 of 2nd period - Slapshot by Jakob Silfverberg.
1:19 of 2nd period - Stopped by Robin Lehner with a rebound.
1:21 of 2nd period - Snap shot by Matt Read.
1:21 of 2nd period - Shot Misses the Net.
1:23 of 2nd period - Snap shot by Matt Read.
1:23 of 2nd period - Goal by Matt Read - Rangers : 2 - Sabres : 2.
1:24 of 2nd period - Ryan O'Reilly wins face-off versus Sean Couturier in neutral zone.
2:11 of 2nd period - Mathew Dumba is hit by Matt Greene and loses puck.
2:21 of 2nd period - Wrist shot by Vincent Lecavalier.
2:21 of 2nd period - Stopped by Frederik Andersen without a rebound.
2:22 of 2nd period - Ryan O'Reilly wins face-off versus Patrice Bergeron in Rangers zone.
2:38 of 2nd period - Wrist shot by Evander Kane.
2:38 of 2nd period - Stopped by Frederik Andersen with a rebound.
3:11 of 2nd period - Icing by Cam Barker.
3:12 of 2nd period - Stephen Weiss wins face-off versus Vincent Lecavalier in Rangers zone.
3:17 of 2nd period - Slapshot by Cam Barker.
3:17 of 2nd period - Shot Hit the Post.
3:19 of 2nd period - Slapshot by Ryan Suter.
3:19 of 2nd period - Shot Misses the Net.
3:21 of 2nd period - Wrist shot by Gustav Nyquist.
3:21 of 2nd period - Shot Blocked by Matt Martin.
3:23 of 2nd period - Snap shot by Matt Read.
3:23 of 2nd period - Goal by Matt Read - Rangers : 3 - Sabres : 2.
3:24 of 2nd period - Ryan O'Reilly wins face-off versus Jakob Silfverberg in neutral zone.
3:53 of 2nd period - Slapshot by James Neal.
3:53 of 2nd period - Shot Hit the Post.
3:55 of 2nd period - Wrist shot by Alex Tanguay.
3:55 of 2nd period - Goal by Alex Tanguay - Rangers : 4 - Sabres : 2.
3:56 of 2nd period - Ryan O'Reilly wins face-off versus Patrice Bergeron in neutral zone.
4:13 of 2nd period - Wrist shot by Evander Kane.
4:13 of 2nd period - Shot Misses the Net.
4:28 of 2nd period - Slapshot by James Neal.
4:28 of 2nd period - Stopped by Robin Lehner without a rebound.
4:29 of 2nd period - Andrei Loktionov wins face-off versus Sean Couturier in Sabres zone.
4:43 of 2nd period - Wrist shot by Zack Kassian.
4:43 of 2nd period - Shot Misses the Net.
5:26 of 2nd period - Minor Penalty to Brad Richardson for Tripping.
5:27 of 2nd period - Patrice Bergeron wins face-off versus Brandon Sutter in Sabres zone.
6:45 of 2nd period - Ilya Kovalchuk is hit by Alex Tanguay and loses puck.
7:26 of 2nd period - Penalty to Brad Richardson is over, Brad Richardson is back on ice.
7:37 of 2nd period - Slapshot by Zach Bogosian.
7:37 of 2nd period - Shot Misses the Net.
7:51 of 2nd period - Wrist shot by Evander Kane.
7:51 of 2nd period - Stopped by Frederik Andersen with a rebound.
9:33 of 2nd period - Minor Penalty to Evander Kane for Tripping.
9:34 of 2nd period - Brandon Sutter wins face-off versus Patrice Bergeron in Sabres zone.
11:03 of 2nd period - Rob Scuderi is hit by Milan Lucic and loses puck.
11:33 of 2nd period - Penalty to Evander Kane is over, Evander Kane is back on ice.
11:59 of 2nd period - Artem Anisimov is hit by Matt Martin and loses puck.
12:31 of 2nd period - Icing by Ryan O'Reilly.
12:32 of 2nd period - Ryan O'Reilly wins face-off versus Sean Couturier in Sabres zone.
13:49 of 2nd period - Wrist shot by Ilya Kovalchuk.
13:49 of 2nd period - Stopped by Frederik Andersen with a rebound.
14:19 of 2nd period - Rob Scuderi is hit by Sean Couturier and loses puck.
14:41 of 2nd period - Off-side.
14:42 of 2nd period - Vincent Lecavalier wins face-off versus Stephen Weiss in neutral zone.
14:46 of 2nd period - Minor Penalty to Matt Greene for Holding.
14:47 of 2nd period - Stephen Weiss wins face-off versus Kyle Okposo in Rangers zone.
14:51 of 2nd period - Kyle Okposo is hit by Cam Barker and loses puck.
15:00 of 2nd period - Wrist shot by Andrei Loktionov.
15:00 of 2nd period - Stopped by Frederik Andersen with a rebound.
15:02 of 2nd period - Snap shot by Mathew Dumba.
15:02 of 2nd period - Shot Misses the Net.
15:04 of 2nd period - Backhand shot by Evander Kane.
15:04 of 2nd period - Stopped by Frederik Andersen with a rebound.
16:46 of 2nd period - Penalty to Matt Greene is over, Matt Greene is back on ice.
17:12 of 2nd period - Icing by Kurtis Foster.
17:13 of 2nd period - Patrice Bergeron wins face-off versus Brandon Sutter in Sabres zone.
18:00 of 2nd period - Stephen Weiss is hit by Ryan O'Reilly and loses puck.
19:04 of 2nd period - Wrist shot by Evander Kane.
19:04 of 2nd period - Stopped by Frederik Andersen without a rebound.
19:05 of 2nd period - Ryan O'Reilly wins face-off versus Sean Couturier in Rangers zone.
19:54 of 2nd period - Wrist shot by Zack Kassian.
19:54 of 2nd period - Stopped by Frederik Andersen with a rebound.
19:56 of 2nd period - Slapshot by Brad Richardson.
19:56 of 2nd period - Shot Misses the Net.
19:58 of 2nd period - Wrist shot by Matt Martin.
19:58 of 2nd period - Shot Misses the Net.
Goals for this period are 3 for Rangers vs 0 for Sabres.
Shots for this period are 5 for Rangers vs 8 for Sabres.
3rd period
0:01 of 3rd period - Patrice Bergeron wins face-off versus Ryan O'Reilly in neutral zone.
0:04 of 3rd period - Slapshot by Jakob Silfverberg.
0:04 of 3rd period - Stopped by Robin Lehner without a rebound.
0:05 of 3rd period - Patrice Bergeron wins face-off versus Ryan O'Reilly in Sabres zone.
0:12 of 3rd period - Snap shot by Jakob Silfverberg.
0:12 of 3rd period - Stopped by Robin Lehner with a rebound.
0:14 of 3rd period - Wrist shot by Jakob Silfverberg.
0:14 of 3rd period - Shot Misses the Net.
0:16 of 3rd period - Slapshot by Jakob Silfverberg.
0:16 of 3rd period - Shot Misses the Net.
0:20 of 3rd period - Snap shot by Milan Lucic.
0:20 of 3rd period - Stopped by Robin Lehner with a rebound.
0:22 of 3rd period - Snap shot by Jakob Silfverberg.
0:22 of 3rd period - Shot Blocked by Kyle Okposo.
1:19 of 3rd period - James Neal is hit by Brad Richardson and loses puck.
1:51 of 3rd period - Wrist shot by Milan Lucic.
1:51 of 3rd period - Shot Misses the Net.
1:53 of 3rd period - Slapshot by Cam Barker.
1:53 of 3rd period - Shot Misses the Net.
1:55 of 3rd period - Wrist shot by Jakob Silfverberg.
1:55 of 3rd period - Stopped by Robin Lehner with a rebound.
1:57 of 3rd period - Snap shot by Jakob Silfverberg.
1:57 of 3rd period - Shot Blocked by Rob Scuderi.
2:03 of 3rd period - Minor Penalty to Mathew Dumba for Hooking.
2:04 of 3rd period - Patrice Bergeron wins face-off versus Brandon Sutter in Sabres zone.
2:31 of 3rd period - Jared Cowen is hit by Milan Lucic.
2:41 of 3rd period - Patrice Bergeron is hit by Zach Bogosian.
4:03 of 3rd period - Penalty to Mathew Dumba is over, Mathew Dumba is back on ice.
4:20 of 3rd period - Slapshot by Zach Bogosian.
4:20 of 3rd period - Shot Misses the Net.
4:22 of 3rd period - Slapshot by Zach Bogosian.
4:22 of 3rd period - Stopped by Frederik Andersen without a rebound.
4:23 of 3rd period - Artem Anisimov wins face-off versus Ryan O'Reilly in Rangers zone.
4:23 of 3rd period - Artem Anisimov is hit by Kyle Okposo.
4:37 of 3rd period - Minor Penalty to Zach Bogosian for Hooking.
4:38 of 3rd period - Brandon Sutter wins face-off versus Patrice Bergeron in Sabres zone.
4:50 of 3rd period - Icing by Cam Barker.
4:51 of 3rd period - Patrice Bergeron wins face-off versus Vincent Lecavalier in Rangers zone.
5:02 of 3rd period - Wrist shot by Milan Lucic.
5:02 of 3rd period - Stopped by Robin Lehner with a rebound.
5:10 of 3rd period - Snap shot by Milan Lucic.
5:10 of 3rd period - Stopped by Robin Lehner with a rebound.
5:12 of 3rd period - Slapshot by Patrice Bergeron.
5:12 of 3rd period - Shot Misses the Net.
5:14 of 3rd period - Slapshot by Cam Barker.
5:14 of 3rd period - Shot Blocked by Ilya Kovalchuk.
5:16 of 3rd period - Slapshot by Cam Barker.
5:16 of 3rd period - Shot Misses the Net.
5:20 of 3rd period - Wrist shot by Jakob Silfverberg.
5:20 of 3rd period - Stopped by Robin Lehner with a rebound.
5:22 of 3rd period - Slapshot by Matt Read.
5:22 of 3rd period - Stopped by Robin Lehner without a rebound.
5:23 of 3rd period - Sean Couturier wins face-off versus Brandon Sutter in Sabres zone.
5:28 of 3rd period - Snap shot by Alex Tanguay.
5:28 of 3rd period - Shot Blocked by Rob Scuderi.
5:30 of 3rd period - Slapshot by Stephen Weiss.
5:30 of 3rd period - Stopped by Robin Lehner with a rebound.
5:32 of 3rd period - Slapshot by Stephen Weiss.
5:32 of 3rd period - Deflect By Scottie Upshall.
5:32 of 3rd period - Stopped by Robin Lehner with a rebound.
5:34 of 3rd period - Slapshot by James Neal.
5:34 of 3rd period - Shot Misses the Net.
5:36 of 3rd period - Snap shot by Alex Tanguay.
5:36 of 3rd period - Deflect By Sean Couturier.
5:36 of 3rd period - Shot Misses the Net.
5:36 of 3rd period - Puck is out of play.
5:37 of 3rd period - Patrice Bergeron wins face-off versus Brandon Sutter in Sabres zone.
5:50 of 3rd period - Slapshot by Patrice Bergeron.
5:50 of 3rd period - Stopped by Robin Lehner without a rebound.
5:51 of 3rd period - Patrice Bergeron wins face-off versus Brandon Sutter in Sabres zone.
6:18 of 3rd period - James Neal is hit by Jared Cowen and loses puck.
6:27 of 3rd period - Slapshot by James Neal.
6:27 of 3rd period - Shot Blocked by Scottie Upshall.
6:37 of 3rd period - Penalty to Zach Bogosian is over, Zach Bogosian is back on ice.
6:57 of 3rd period - Snap shot by Evander Kane.
6:57 of 3rd period - Shot Misses the Net.
7:25 of 3rd period - Snap shot by Jakob Silfverberg.
7:25 of 3rd period - Stopped by Robin Lehner with a rebound.
8:26 of 3rd period - Icing by Ronalds Kenins.
8:27 of 3rd period - Andrei Loktionov wins face-off versus Milan Lucic in Sabres zone.
9:41 of 3rd period - Wrist shot by Chris Bourque.
9:41 of 3rd period - Shot Blocked by Scottie Upshall.
10:31 of 3rd period - Alex Tanguay is hit by Evander Kane and loses puck.
10:32 of 3rd period - Alex Tanguay from Rangers is injured at 10:32 of 3rd period (Torn Left Knee Ligaments).
10:33 of 3rd period - Ryan O'Reilly wins face-off versus Patrice Bergeron in Rangers zone.
11:25 of 3rd period - Wrist shot by Vincent Lecavalier.
11:25 of 3rd period - Stopped by Frederik Andersen with a rebound.
11:27 of 3rd period - Wrist shot by Jakub Kindl.
11:27 of 3rd period - Shot Misses the Net.
11:29 of 3rd period - Snap shot by Jakub Kindl.
11:29 of 3rd period - Deflect By Vincent Lecavalier.
11:29 of 3rd period - Deflect By Stephen Weiss.
11:29 of 3rd period - Stopped by Frederik Andersen without a rebound.
11:30 of 3rd period - Ryan O'Reilly wins face-off versus Patrice Bergeron in Rangers zone.
12:01 of 3rd period - Slapshot by Jakub Kindl.
12:01 of 3rd period - Stopped by Frederik Andersen with a rebound.
12:28 of 3rd period - Snap shot by Matt Read.
12:28 of 3rd period - Stopped by Robin Lehner without a rebound.
12:29 of 3rd period - Ryan O'Reilly wins face-off versus Milan Lucic in Sabres zone.
12:38 of 3rd period - Wrist shot by Evander Kane.
12:38 of 3rd period - Stopped by Frederik Andersen without a rebound.
12:39 of 3rd period - Ryan O'Reilly wins face-off versus Milan Lucic in Rangers zone.
12:42 of 3rd period - Slapshot by Evander Kane.
12:42 of 3rd period - Shot Misses the Net.
12:44 of 3rd period - Slapshot by Kurtis Foster.
12:44 of 3rd period - Deflect By Ryan O'Reilly.
12:44 of 3rd period - Shot Misses the Net.
12:44 of 3rd period - Puck is out of play.
12:45 of 3rd period - Patrice Bergeron wins face-off versus Ryan O'Reilly in Rangers zone.
12:45 of 3rd period - Patrice Bergeron is hit by Ryan O'Reilly.
12:52 of 3rd period - Off-side.
12:53 of 3rd period - Ryan O'Reilly wins face-off versus Patrice Bergeron in neutral zone.
13:00 of 3rd period - Wrist shot by Evander Kane.
13:00 of 3rd period - Deflect By Patrice Bergeron.
13:00 of 3rd period - Shot Blocked by Ryan Suter.
13:00 of 3rd period - Puck is out of play.
13:01 of 3rd period - Kyle Okposo wins face-off versus Patrice Bergeron in Rangers zone.
13:02 of 3rd period - Snap shot by Ryan O'Reilly.
13:02 of 3rd period - Stopped by Frederik Andersen with a rebound.
13:04 of 3rd period - Slapshot by Mathew Dumba.
13:04 of 3rd period - Stopped by Frederik Andersen with a rebound.
13:06 of 3rd period - Snap shot by Evander Kane.
13:06 of 3rd period - Stopped by Frederik Andersen with a rebound.
13:08 of 3rd period - Snap shot by Evander Kane.
13:08 of 3rd period - Goal by Evander Kane - Rangers : 4 - Sabres : 3.
13:09 of 3rd period - Patrice Bergeron wins face-off versus Ryan O'Reilly in neutral zone.
13:35 of 3rd period - Evander Kane is hit by Ryan Suter and loses puck.
14:15 of 3rd period - Snap shot by Evander Kane.
14:15 of 3rd period - Stopped by Frederik Andersen without a rebound.
14:16 of 3rd period - Andrei Loktionov wins face-off versus Patrice Bergeron in Rangers zone.
14:19 of 3rd period - Slapshot by Ilya Kovalchuk.
14:19 of 3rd period - Shot Misses the Net.
14:21 of 3rd period - Snap shot by Ilya Kovalchuk.
14:21 of 3rd period - Shot Blocked by Jakob Silfverberg.
14:23 of 3rd period - Slapshot by Kurtis Foster.
14:23 of 3rd period - Deflect By Milan Lucic.
14:23 of 3rd period - Stopped by Frederik Andersen without a rebound.
14:24 of 3rd period - Patrice Bergeron wins face-off versus Andrei Loktionov in Rangers zone.
14:55 of 3rd period - Wrist shot by Andrei Loktionov.
14:55 of 3rd period - Stopped by Frederik Andersen without a rebound.
14:56 of 3rd period - Sean Couturier wins face-off versus Brad Richardson in Rangers zone.
16:03 of 3rd period - Off-side.
16:04 of 3rd period - Sean Couturier wins face-off versus Brandon Sutter in neutral zone.
16:39 of 3rd period - Snap shot by Brandon Sutter.
16:39 of 3rd period - Shot Misses the Net.
16:41 of 3rd period - Snap shot by Brandon Sutter.
16:41 of 3rd period - Stopped by Frederik Andersen with a rebound.
16:43 of 3rd period - Slapshot by Mathew Dumba.
16:43 of 3rd period - Shot Blocked by Alexei Emelin.
16:45 of 3rd period - Snap shot by Brandon Sutter.
16:45 of 3rd period - Shot Misses the Net.
16:47 of 3rd period - Wrist shot by Rob Scuderi.
16:47 of 3rd period - Deflect By Scottie Upshall.
16:47 of 3rd period - Stopped by Frederik Andersen without a rebound.
16:48 of 3rd period - Vincent Lecavalier wins face-off versus Stephen Weiss in Rangers zone.
17:03 of 3rd period - Backhand shot by Vincent Lecavalier.
17:03 of 3rd period - Stopped by Frederik Andersen with a rebound.
17:15 of 3rd period - Zach Bogosian is hit by Cam Barker and loses puck.
17:24 of 3rd period - Snap shot by Milan Lucic.
17:24 of 3rd period - Stopped by Robin Lehner without a rebound.
17:25 of 3rd period - Stephen Weiss wins face-off versus Vincent Lecavalier in Sabres zone.
17:26 of 3rd period - Wrist shot by Gustav Nyquist.
17:26 of 3rd period - Stopped by Robin Lehner with a rebound.
17:35 of 3rd period - Icing by Mark Fistric.
17:36 of 3rd period - Vincent Lecavalier wins face-off versus Stephen Weiss in Rangers zone.
18:01 of 3rd period - Matt Greene is hit by Ryan O'Reilly and loses puck.
18:58 of 3rd period - Sabres, Robin Lehner is pulled from the net.
19:04 of 3rd period - Mark Fistric is hit by Jared Cowen.
19:05 of 3rd period - Icing by Mark Fistric.
19:06 of 3rd period - Patrice Bergeron wins face-off versus Ryan O'Reilly in Rangers zone.
19:19 of 3rd period - Snap shot by Patrice Bergeron.
19:19 of 3rd period - Goal by Patrice Bergeron - Rangers : 5 - Sabres : 3.
19:19 of 3rd period - Robin Lehner from Sabres was sent back in the game.
19:20 of 3rd period - Vincent Lecavalier wins face-off versus Stephen Weiss in neutral zone.
19:34 of 3rd period - Icing by Mathew Dumba.
19:35 of 3rd period - Vincent Lecavalier wins face-off versus Sean Couturier in Sabres zone.
Goals for this period are 1 for Rangers vs 1 for Sabres.
Shots for this period are 16 for Rangers vs 15 for Sabres.
Back to the Top